 Dungeon Crawl Stone Soup version 0.20.1-1-g8b1a95d (webtiles) character file.

44 gobwax the Cutter (level 3, 0/34 HPs)
             Began as a Kobold Berserker on Aug 12, 2017.
             Was a Believer of Trog.
             Slain by a goblin
             ... wielding a +0 club
             ... led by Robin
              (3 damage)
             ... on level 2 of the Dungeon.
             The game lasted 00:02:46 (1004 turns).

gobwax the Cutter (Kobold Berserker)                Turns: 1004, Time: 00:02:46

Health: 0/34       AC:  4    Str: 20    XL:     3   Next: 85%
Magic:  3/3        EV: 15    Int:  8    God:    Trog [**....]
Gold:   47         SH:  0    Dex: 14    Spells: 2/2 levels left

rFire    . . .     SeeInvis .   d - +2 dagger (speed)
rCold    . . .     Gourm    .   (shield restricted)
rNeg     . . .     Faith    .   b - +0 animal skin
rPois    .         Spirit   .   i - +1 hat
rElec    .         Reflect  .   (no cloak)
rCorr    .         Harm     .   (no gloves)
MR       ++...                  f - +0 pair of boots
Stlth    ..........             (no amulet)
Regen    1.2/turn               (no ring)
MPRegen  0.1/turn               (no ring)

@: berserking, regenerating, very quick
A: carnivore 3
a: Berserk, Trog's Hand, Burn Spellbooks, Renounce Religion


You were on level 2 of the Dungeon.
You worshipped Trog.
Trog was pleased with you.
You were not hungry.

You visited 1 branch of the dungeon, and saw 2 of its levels.

You collected 47 gold pieces.

Inventory:

Hand Weapons
 a - a +0 short sword
 d - a +2 dagger of speed (weapon)
 o - a +2 dagger of speed
Armour
 b - a +0 animal skin (worn)
 f - a +0 pair of boots (worn)
 i - a +1 hat (worn)
Scrolls
 e - a scroll of remove curse {unknown}
 h - 2 scrolls of identify {unknown}
 k - a scroll of random uselessness {unknown}
 n - a scroll of teleportation {unknown}
Potions
 g - 2 potions of lignification {unknown}
 j - a potion of ambrosia {unknown}
 l - a potion of flight {unknown}
 p - a potion of berserk rage {unknown}
Comestibles
 c - 2 meat rations
 m - a royal jelly


   Skills:
 - Level 3.2 Fighting
 * Level 5.8 Short Blades
 - Level 1.5 Armour
 + Level 2.7 Dodging


You had 2 spell levels left.
You didn't know any spells.

Dungeon Overview and Level Annotations

Branches:
Dungeon (2/15)

Altars:

Annotations:
D:2 Robin


Innate Abilities, Weirdness & Mutations

You are small and have problems with some larger weapons.
You are carnivorous and can eat meat at any time.


Message History

Okay, then.
Your skin crawls.
You feel resistant to hostile enchantments.
You feel somewhat more hungry. The goblin misses you.
The goblin hits you with a dagger.
* * * LOW HITPOINT WARNING * * *
Robin roars a battlecry!
The goblin goes into a battle-frenzy!
The goblin closely misses you. The hobgoblin barely misses you.
A red film seems to cover your vision as you go berserk!
You feel yourself moving faster!
You feel mighty!
You feel quite a bit more hungry. The goblin completely misses you.
The goblin hits you.
* * * LOW HITPOINT WARNING * * *
Robin throws the goblin at you!
* * * LOW HITPOINT WARNING * * *
The goblin hits you with a dagger.
* * * LOW HITPOINT WARNING * * *
The goblin hits you with a club.
You die...

.....##.......# #####
##......### .
###......## #.
#.#.....### ...
#.####....### .... #.#
####.... ..#.g#### #.#
######. ......gg####.#
..≈§§...
#..gg@g..#.##.#######.
####.gg.......# ##
###....#.### #.##.#.#
#.### #.##.#.## #...>
#.##....#########
#.###.#....## #.#
#.####..##### #.
#.###...#...#


You could see Robin, 2 hobgoblins and 5 goblins.

Vanquished Creatures
  2 oozes (D:1)
  A dart slug (D:1)
  A leopard gecko (D:1)
  7 bats
  A giant cockroach (D:2)
  6 goblins
  4 hobgoblins
  A kobold (D:1)
  5 frilled lizards
  5 rats
33 creatures vanquished.

Notes
Turn   | Place    | Note
-------+----------+-------------------------------------------
     0 | D:1      | gobwax the Kobold Berserker began the quest for the Orb.
     0 | D:1      | Reached XP level 1. HP: 14/14 MP: 1/1
   170 | D:1      | Reached XP level 2. HP: 17/19 MP: 2/2
   441 | D:1      | Reached skill level 5 in Short Blades
   658 | D:1      | Reached XP level 3. HP: 21/23 MP: 3/3
   818 | D:1      | Reached ** piety under Trog
   988 | D:2      | Noticed Robin
  1004 | D:2      | Slain by a goblin

Skill      XL: |  1  2 |
---------------+-------+-----
Short Blades   | 5 |  5.8
Fighting       | |  3.2
Armour         | |  1.5
Dodging        | |  2.7

Action                   || total
-------------------------++-------
Melee: Dagger            ||    90
       Short sword       ||     4
Invok: Berserk           ||     2
       Trog's Hand       ||     1
 Stab: Sleeping          ||     4
  Eat: Chunk             ||     4
Armor: Animal skin       ||    14
Dodge: Dodged            ||    44
